 Dungeon Crawl Stone Soup version 0.23.2 (webtiles) character file.

Game seed: 10627162405534225953

107 redwoodhats the Digger (level 4, -1/24 HPs)
             Began as a Deep Elf Earth Elementalist on Apr 12, 2019.
             Slain by a worm (3 damage)
             ... on level 2 of the Dungeon.
             The game lasted 00:07:20 (1255 turns).

redwoodhats the Digger (DEEE)                       Turns: 1255, Time: 00:07:22

Health: -1/24      AC:  3    Str:  5    XL:     4   Next: 56%
Magic:  6/12       EV: 13    Int: 20    God:
Gold:   86         SH:  0    Dex: 16    Spells: 5/11 levels left

rFire    . . .     SeeInvis .   h - +1 dagger (distort)
rCold    . . .     Gourm    .   (no shield)
rNeg     . . .     Faith    .   c - +1 robe
rPois    .         Spirit   .   (no helmet)
rElec    .         Reflect  .   (no cloak)
rCorr    .         Harm     .   (no gloves)
MR       .....                  (no boots)
Stlth    ++........             (no amulet)
HPRegen  0.08/turn              (no ring)
MPRegen  0.13/turn              (no ring)

@: very slightly contaminated
A: no striking features
a: no special abilities


You were on level 2 of the Dungeon.
You were hungry.

You visited 1 branch of the dungeon, and saw 2 of its levels.

You collected 86 gold pieces.

Inventory:

Hand Weapons
 h - a +1 dagger of distortion (weapon)
Missiles
 b - 67 stones (quivered)
Armour
 c - a +1 robe (worn)
 e - a +0 plate armour of fire resistance
 g - a cursed -2 robe
Jewellery
 i - an uncursed ring of fire {unknown}
Scrolls
 j - a scroll of identify {unknown}
 k - a scroll of random uselessness {unknown}
Potions
 a - a potion of brilliance
Comestibles
 d - a ration


   Skills:
 + Level 0.1 Short Blades
 + Level 3.1 Dodging
 + Level 2.8 Stealth
 + Level 4.3 Spellcasting
 + Level 0.9 Conjurations
 + Level 1.1 Transmutations
 + Level 4.5 Earth Magic


You had 5 spell levels left.
You knew the following spells:

 Your Spells              Type           Power        Failure   Level  Hunger
a - Sandblast             Erth           ###...       1%          1    None
b - Passwall              Tmut/Erth      ###.....     6%          2    #......
c - Stone Arrow           Conj/Erth      ###...       12%         3    ###....

Your spell library contained the following spells:

 Spells                   Type           Power        Failure   Level  Hunger
 Petrify                  Tmut/Erth      ###.....     36%         4    ####...
 Lee's Rapid Deconstruct  Erth           ###.......   47%         5    ######.


Dungeon Overview and Level Annotations

Branches:
Dungeon (2/15)

Altars:


Message History

The worm is moderately wounded.
The worm blinks!
The jackal closely misses you.
The jackal bites you but does no damage.
The worm bites you.
* * * LOW HITPOINT WARNING * * *
You barely miss the worm.
The worm is moderately wounded.
The jackal closely misses you.
You hit the worm.
Space warps horribly around the worm!
The worm is almost dead.
The jackal closely misses you. The worm bites you.
* * * LOW HITPOINT WARNING * * *
The jackal misses you.
You are feeling hungry.
You barely miss the worm.
The worm is almost dead.
The jackal bites you.
* * * LOW HITPOINT WARNING * * *
The worm bites you.
You die...

.........##....#.#
...
............#....#
#.
............#.#.##
................#
.........#####..#
.........# #..##
.........### #...#
...........##..#h#
..............##@##
........#...## #w.#
.......##...# ##.#
.###......#. .# .#
#....... .. .#
#...#### ... .#
#...# ###$ .# #####
.. ## ..


You could see a worm and a jackal.

Vanquished Creatures
  4 adders (D:2)
  2 oozes (D:1)
  An adder zombie (D:1)
  A dart slug (D:1)
  7 bats
  4 giant cockroaches
  11 goblins
  2 hobgoblins
  5 jackals
  3 kobolds
  5 frilled lizards
  A jackal zombie (D:1)
  10 rats
56 creatures vanquished.

Notes
Turn   | Place    | Note
-------+----------+-------------------------------------------
     0 | D:1      | redwoodhats the Deep Elf Earth Elementalist began the quest
                  | for the Orb.
     0 | D:1      | Reached XP level 1. HP: 10/10 MP: 6/6
   292 | D:1      | Reached XP level 2. HP: 15/15 MP: 5/8
   561 | D:1      | Reached XP level 3. HP: 18/19 MP: 6/10
  1049 | D:1      | Learned a level 2 spell: Passwall
  1053 | D:1      | Learned a level 3 spell: Stone Arrow
  1143 | D:2      | Reached XP level 4. HP: 24/24 MP: 0/12
  1255 | D:2      | Slain by a worm

Skill      XL: |  1  2  3  4 |
---------------+-------------+-----
Earth Magic    | 4 |  4.5
Spellcasting   | 4 |  4.3
Dodging        | 3 |  3.1
Short Blades   | |  0.1
Stealth        | |  2.8
Conjurations   | |  0.9
Transmutations | |  1.1

Action                   |  1- 3 |  4- 6 || total
-------------------------+-------+-------++-------
Melee: Dagger            |     6 |    42 ||    48
 Cast: Sandblast         |    49 |     3 ||    52
       Stone Arrow       |     3 |     2 ||     5
  Use: Potion            |     3 |     1 ||     4
       Scroll            |     1 |       ||     1
 Stab: Sleeping          |     1 |       ||     1
  Eat: Chunk             |     1 |       ||     1
Armor: Robe              |     7 |    12 ||    19
Dodge: Dodged            |    22 |    42 ||    64
